AoeStats
← ChrispyBlue

Four Lakes

510131623Analyzed
1v1 RM · 3d ago on Sep 29, 2026· 44m 36s· 2 players
Game mode
Random Map
Map size
Tiny (2 player)
Population
200
Speed
Normal
Resources
Standard
Victory
Conquest
Starting age
Dark Age
Ending age
Imperial Age
RankedLock teamsTeams togetherTeam positionsShared explorationLock speedFull tech treeHidden civsTurbo modeCheats
Victory
Defeat
🇪🇸 Franks · Spain
927
+15
🇺🇸 Goths · United States
916
-15
ChrispyBlue
11:03 Feudal Age
9:21 Loom
12:08 Gold Mining
18:41 Castle Age
19:28 Pikeman
25:46 Scale Mail Armor
25:56 Forging
26:24 Man-at-Arms
27:05 Squires
27:50 Chain Mail Armor
28:52 Double-Bit Axe
29:07 Long Swordsman
34:19 Imperial Age
34:34 Halberdier
34:35 Two-Handed Swordsman
37:31 Chemistry
40:52 Iron Casting
tinuss
11:11 Feudal Age
10:08 Loom
11:43 Double-Bit Axe
18:58 Forging
18:54 Scale Barding Armor
21:34 Castle Age
21:39 Gold Mining
22:29 Bow Saw
25:25 Wheelbarrow
26:39 Fletching
27:20 Medium Warships
28:33 Gold Shaft Mining
28:33 Chain Barding Armor
29:06 Scale Mail Armor
32:38 Stone Mining
35:32 Imperial Age
34:02 Iron Casting
33:42 Chain Mail Armor
33:23 Bodkin Arrow
37:28 Imperial Age
35:14 Hand Cart
37:31 Cavalier
41:02 Chemistry
41:03 Plate Barding Armor
41:28 Blast Furnace
40:59 Plate Mail Armor
40:45 Paladin
41:50 Padded Archer Armor
41:36 Elite Throwing Axeman
Connection lost

Rejoining the realm…

Still unreachable

The connection could not be restored.

Session expired

The server has moved on; the page needs a fresh start.